 Dungeon Crawl Stone Soup version 0.29-a0-553-g81b289dbe5 (webtiles) character file.

Game seed: 3877965169342116793

73 DocClef the Covert (level 4, -12/41 HPs)
             Began as a Gnoll Delver on June 6, 2022.
             Mangled by an iguana (13 damage)
             ... on level 5 of the Dungeon.
             The game lasted 00:00:07 (34 turns).

DocClef the Covert (Gnoll Delver)                     Turns: 34, Time: 00:00:08

Health: -12/41     AC:  3    Str: 14    XL:     4   Next: 27%
Magic:  2/5        EV: 13    Int:  9    God:
Gold:   0          SH:  0    Dex: 13    Spells: 5/5 levels left

rFire   . . .      SeeInvis .   a - +0 short sword
rCold   . . .      Faith    .   (no shield)
rNeg    . . .      Spirit   .   b - +0 leather armour
rPois   .          Reflect  .   (no helmet)
rElec   .          Harm     .   (no cloak)
rCorr   .          Rampage  .   (no gloves)
Will    .....                   (no boots)
Stlth   ++++......              (no amulet)
HPRegen 0.13/turn               (no ring)
MPRegen 0.09/turn               (no ring)

@: no status effects
A: fangs 1, strong nose, distributed training
a: no special abilities


You were on level 5 of the Dungeon.
You visited 1 branch of the dungeon, and saw 1 of its levels.

Inventory:

Hand Weapons
 a - a +0 short sword (weapon)
Armour
 b - a +0 leather armour (worn)
Wands
 g - a wand of digging (3)
Scrolls
 c - a scroll of fog
 d - a scroll of magic mapping
 e - a scroll of fear
Potions
 f - a potion of haste


   Skills:
 + Level 6.6 Fighting
 + Level 4.6 Short Blades
 + Level 1.1 Long Blades
 + Level 1.1 Axes
 + Level 1.1 Maces & Flails
 + Level 1.1 Polearms
 + Level 1.1 Staves
 + Level 1.1 Slings
 + Level 1.1 Bows
 + Level 1.1 Crossbows
 + Level 1.1 Throwing
 + Level 1.1 Armour
 + Level 4.6 Dodging
 + Level 9.6 Stealth
 + Level 1.1 Shields
 + Level 1.1 Unarmed Combat
 + Level 1.1 Spellcasting
 + Level 0.8 Conjurations
 + Level 0.8 Hexes
 + Level 0.8 Summonings
 + Level 0.8 Necromancy
 + Level 0.8 Translocations
 + Level 0.8 Transmutations
 + Level 0.8 Fire Magic
 + Level 0.8 Ice Magic
 + Level 0.8 Air Magic
 + Level 0.8 Earth Magic
 + Level 0.8 Poison Magic
 + Level 1.2 Invocations
 + Level 1.1 Evocations


You had 5 spell levels left.
You didn't know any spells.
Your spell library was empty.

Dungeon Overview and Level Annotations

Branches:
Dungeon (5/15)
 Temple: D:4-7

Altars:


Innate Abilities, Weirdness & Mutations

You have very sharp teeth.
Your uncanny sense of smell can sniff out nearby items.
Your experience applies equally to all skills.


Message History

You are too injured to fight recklessly!
You are too injured to fight recklessly!
You are too injured to fight recklessly!
You are too injured to fight recklessly!
You are too injured to fight recklessly!
Unknown command.
You hit the iguana. You bite the iguana, but do no damage.
The iguana is moderately wounded.
The iguana closely misses you.
You hit the iguana. You bite the iguana, but do no damage.
The iguana is heavily wounded.
The iguana bites you.
* * * LOW HITPOINT WARNING * * *
You hit the iguana but do no damage. You bite the iguana, but do no damage.
The iguana is heavily wounded.
The iguana misses you.
You hit the iguana.
The iguana is severely wounded.
The iguana closely misses you.
You hit the iguana but do no damage.
The iguana is severely wounded.
Unknown command.
You hit the iguana but do no damage.
The iguana is severely wounded.
The iguana hisses menacingly.
The iguana misses you.
You closely miss the iguana. Your punch misses the iguana.
The iguana is severely wounded.
The iguana barely misses you.
You hit the iguana but do no damage.
The iguana is severely wounded.
The iguana bites you!
* * * LOW HITPOINT WARNING * * *
You hit the iguana.
The iguana is almost dead.
The iguana barely misses you.
You hit the iguana but do no damage.
The iguana is almost dead.
The iguana bites you!
You die...

∆ #. . #.# .. #.#
... #.# .... #.#
..... #.###......
#..@l......
###..########
#..:.# ####.##.#
#.......## ######
#........>#
.....####.##..###.#
..##..........# ...
#.##..###.#.#.# ..


You could see an iguana.

Vanquished Creatures
  A phantom (D:5)
1 creature vanquished.

Notes
Turn   | Place    | Note
-------+----------+-------------------------------------------
     0 | D:5      | Reached skill level 9 in Stealth
     0 | D:5      | DocClef the Gnoll Delver began the quest for the Orb.
     0 | D:5      | Reached XP level 1. HP: 23/23 MP: 1/1
    16 | D:5      | Noticed a phantom
    17 | D:5      | Noticed an iguana
    19 | D:5      | Killed a phantom
    20 | D:5      | Reached skill level 1 in Long Blades
    20 | D:5      | Reached skill level 1 in Axes
    20 | D:5      | Reached skill level 1 in Maces & Flails
    20 | D:5      | Reached skill level 1 in Polearms
    20 | D:5      | Reached skill level 1 in Staves
    20 | D:5      | Reached skill level 1 in Slings
    20 | D:5      | Reached skill level 1 in Bows
    20 | D:5      | Reached skill level 1 in Crossbows
    20 | D:5      | Reached skill level 1 in Throwing
    20 | D:5      | Reached skill level 1 in Armour
    20 | D:5      | Reached skill level 1 in Shields
    20 | D:5      | Reached skill level 1 in Unarmed Combat
    20 | D:5      | Reached skill level 1 in Spellcasting
    20 | D:5      | Reached skill level 1 in Invocations
    20 | D:5      | Reached skill level 1 in Evocations
    20 | D:5      | Reached XP level 2. HP: 29/29 MP: 1/3
    20 | D:5      | Reached XP level 3. HP: 35/35 MP: 1/4
    20 | D:5      | Reached XP level 4. HP: 41/41 MP: 1/5
    32 | D:5      | HP: 1/41 [iguana (7)]
    34 | D:5      | Mangled by an iguana

Illustrated notes

Levels and vault maps discovered:
D:5:      layout_loops_cross, kennysheep_ying_yang, nemelex_dance_club_becter,
          nicolae_overflow_hidden_temple

Skill      XL: |  1 |
---------------+----+-----
Stealth        | |  9.6
Long Blades    | 1 |  1.1
Axes           | 1 |  1.1
Maces & Flails | 1 |  1.1
Polearms       | 1 |  1.1
Staves         | 1 |  1.1
Slings         | 1 |  1.1
Bows           | 1 |  1.1
Crossbows      | 1 |  1.1
Throwing       | 1 |  1.1
Armour         | 1 |  1.1
Shields        | 1 |  1.1
Unarmed Combat | 1 |  1.1
Spellcasting   | 1 |  1.1
Invocations    | 1 |  1.2
Evocations     | 1 |  1.1
Fighting       | |  6.6
Short Blades   | |  4.6
Dodging        | |  4.6
Conjurations   | |  0.8
Hexes          | |  0.8
Summonings     | |  0.8
Necromancy     | |  0.8
Translocations | |  0.8
Transmutations | |  0.8
Fire Magic     | |  0.8
Ice Magic      | |  0.8
Air Magic      | |  0.8
Earth Magic    | |  0.8
Poison Magic   | |  0.8

Action                   |  1- 3 |  4- 6 || total
-------------------------+-------+-------++-------
Melee: Short sword       |     1 |    13 ||    14
       Bite              |       |     4 ||     4
 Stab: Sleeping          |     1 |       ||     1
Dodge: Dodged            |       |     7 ||     7

Table legend: (Time is in decaauts)
 A = Elapsed time spent in this place.
 B = Non-inter-level travel time spent in this place.
 C = Inter-level travel time spent in this place.
 D = Time resting spent in this place.
 E = Time spent auto-exploring this place.
 F = Levels seen in this place.
 G = Mean time per level.
                   A        B        C        D        E       F      G
               +--------+--------+--------+--------+--------+-----+--------+
         Total |     32 |     32 |      0 |      0 |     14 |   1 |   32.0 |
       Dungeon |     32 |     32 |      0 |      0 |     14 |   1 |   32.0 |
               +--------+--------+--------+--------+--------+-----+--------+

Top non-repeatable levels by time:
     D:5: 32 daAuts
